 Dungeon Crawl Stone Soup version 0.29-a0-359-g541a27f54d (webtiles) character file.

Game seed: 1421378116326042963

252 zeratav the Shooter (level 6, -1/35 HPs)
             Began as a Tengu Hunter on Apr 27, 2022.
             Slain by a river rat (8 damage)
             ... in a sewer.
             The game lasted 00:05:22 (2866 turns).

zeratav the Shooter (Tengu Hunter)                  Turns: 2866, Time: 00:05:23

Health: -1/35      AC:  3    Str: 12    XL:     6   Next: 14%
Magic:  7/7        EV: 18    Int:  9    God:
Gold:   243        SH:  0    Dex: 19    Spells: 5/5 levels left

rFire   . . .      SeeInvis .   a - +1 shortbow {bow}
rCold   . . .      Faith    .   (shield currently unavailable)
rNeg    . . .      Spirit   .   b - +0 leather armour
rPois   .          Reflect  .   (helmet restricted)
rElec   .          Harm     .   (no cloak)
rCorr   .          Rampage  .   (no gloves)
Will    .....                   (boots unavailable)
Stlth   ++........              (no amulet)
HPRegen 0.11/turn               g - +4 ring of evasion
MPRegen 0.10/turn               (no ring)

@: flying quickly and evasively, quick
A: beak, talons 3, nimble flight
a: no special abilities


You were in a sewer.
You visited 1 branch of the dungeon, and saw 4 of its levels.
You also visited: Sewer.

You collected 243 gold pieces.


Innate Abilities, Weirdness & Mutations

You have a beak for a mouth.
You have claws for feet.
Your magical nature lets you fly swiftly and evasively.


   Skills:
 - Level 2.0 Fighting
 + Level 7.9 Bows
 - Level 2.1 Dodging
 - Level 1.0 Stealth


You had 5 spell levels left.
You didn't know any spells.
Your spell library contained the following spells:

 Spells                   Type           Power      Damage    Failure   Level
 Animate Skeleton         Necr           0%         N/A       45%         1
 Pain                     Necr           0%         1d4       45%         1
 Vampiric Draining        Necr           0%         2d6       83%         3

Inventory:

Hand Weapons
 a - a +1 shortbow (weapon) {bow}
Armour
 b - a +0 leather armour (worn)
Jewellery
 g - a +4 ring of evasion (left hand)
   (You found it on level 1 of the Dungeon)
Wands
 t - a wand of iceblast (13)
   (You found it on level 3 of the Dungeon)
Scrolls
 c - 4 scrolls of immolation {!r!r}
 e - 2 scrolls of enchant armour {unknown}
 f - 6 scrolls of identify {unknown}
 h - 3 scrolls of vulnerability {unknown}
 j - a scroll of fog {unknown}
 l - 2 scrolls of teleportation {unknown}
 n - 3 scrolls of enchant weapon {unknown}
 o - 2 scrolls of blinking {unknown}
 w - 2 scrolls of magic mapping {unknown}
Potions
 s - a potion of lignification {unknown}
 u - 3 potions of curing {unknown}
 v - 2 potions of heal wounds {unknown}
 z - a potion of mutation {!q}

Dungeon Overview and Level Annotations

Branches:
Dungeon (4/15)              Sewer (1/1)
 Temple: D:4-7

Altars:

#≈≈.#
#.≈≈####..####.≈≈#
#≈≈≈#
#≈≈≈##.#..#.##≈≈≈#
#≈≈≈#
#≈≈.##.'..'.##≈≈≈#
#≈≈≈#
#≈≈.##.'..'.##≈≈≈#
#≈≈.#
#≈≈≈##.#..#.##≈≈≈#
#≈≈≈#
#≈≈≈####..####≈≈≈#
#≈≈.# #≈≈≈# #..#
#≈≈≈# #≈≈≈# #≈≈≈#
#.!# #≈≈≈# #≈≈.#
#.≈≈# #.@# #≈≈≈#
#≈≈≈# #≈≈.#
+.rr.##≈≈.# #≈≈≈#
#≈≈≈# +..'.##≈≈≈#
#≈≈≈# #≈≈≈#
#..#.##≈≈≈# #≈≈≈#
#≈≈.# #..####.≈≈#
#≈≈≈# #≈≈≈# #..#
#≈≈≈# #≈≈≈# #.≈≈#
#∩∩# #≈≈.# #≈≈.#
#≈≈≈# #### #≈≈≈#
#≈≈≈# #≈≈≈# #.≈.#


You could see 2 river rats.


Message History

A bat is nearby!
Shoot: a) +1 shortbow {bow}
Press: ? - help, Q - select action, (/) - cycle Shift-Dir - straight line, f - bat
Aim: a bat (water, 54% to hit)
You shoot an arrow. The arrow hits the bat.
Shoot: a) +1 shortbow {bow}
Press: ? - help, Q - select action, (/) - cycle Shift-Dir - straight line, f/p - bat
Aim: a bat (water, moderately wounded, 54% to hit)
You shoot an arrow. The arrow closely misses the bat.
The bat hits you but does no damage.
Shoot: a) +1 shortbow {bow}
Press: ? - help, Q - select action, (/) - cycle Shift-Dir - straight line, f/p - bat
Aim: a bat (moderately wounded, 54% to hit)
You shoot an arrow. The arrow closely misses the bat.
The bat misses you.
Shoot: a) +1 shortbow {bow}
Press: ? - help, Q - select action, (/) - cycle Shift-Dir - straight line, f/p - bat
Aim: a bat (moderately wounded, 54% to hit)
You shoot an arrow. The arrow hits the bat!
You kill the bat!
Shoot: a) +1 shortbow {bow}
Press: ? - help, Q - select action, (/) - cycle Shift-Dir - straight line, f - you
Okay, then.
You reach down and open the large door.
There is a large open door here.
z - a potion of mutation {!q}
o - 2 scrolls labelled DYETAPTEXO (gained 1)
m - 2 potions of degeneration {!q@e2} (gained 1)
e - 2 scrolls labelled CASYIG GAM GAPP (gained 1)
There is a large open door here.
You reach down and open the large door.
There is a large open door here.
You now have 198 gold pieces (gained 20).
You now have 213 gold pieces (gained 15).
You now have 227 gold pieces (gained 14).
You now have 243 gold pieces (gained 16).
There is a large open door here.
Found two gates leading back out of this place.
You drop a +0 leather armour. x2
You drop a +0 ring mail.
You drop 2 potions of degeneration {!q@e2}.
You drop a +0 ring mail. x3
You drop 4 potions of flight.
You reach down and open the large door. 2 river rats come into view.
Shoot: a) +1 shortbow {bow}
Press: ? - help, Q - select action, (/) - cycle Shift-Dir - straight line, f - river rat
Aim: a river rat (63% to hit)
You shoot an arrow. The arrow barely misses the river rat.
Shoot: a) +1 shortbow {bow}
Press: ? - help, Q - select action, (/) - cycle Shift-Dir - straight line, f/p - river rat
Aim: a river rat (63% to hit)
You shoot an arrow. The arrow closely misses the river rat.
The river rat bites you!
A river rat comes into view.
The river rat misses you.
Shoot: a) +1 shortbow {bow}
Press: ? - help, Q - select action, (/) - cycle Shift-Dir - straight line, f/p - river rat
Aim: a river rat (63% to hit)
You shoot an arrow. The arrow hits the river rat!
The river rat barely misses you. The river rat bites you!
The river rat barely misses you. x2
Shoot: a) +1 shortbow {bow}
Press: ? - help, Q - select action, (/) - cycle Shift-Dir - straight line, f/p - river rat
Aim: a river rat (severely wounded, 63% to hit)
You shoot an arrow. The arrow hits the river rat.
The river rat closely misses you. The river rat misses you.
HP[-16]
You take 16 damage, and now have 19/35 hp.
MASSIVE DAMAGE!! (PAUSE) Shoot: a) +1 shortbow {bow}
Press: ? - help, Q - select action, (/) - cycle Shift-Dir - straight line, f/p - river rat
Aim: a river rat (almost dead, 63% to hit)
You shoot an arrow. The arrow hits the river rat!
You kill the river rat!
Shoot: a) +1 shortbow {bow}
Press: ? - help, Q - select action, (/) - cycle Shift-Dir - straight line, f - river rat
Aim: a river rat (63% to hit)
You shoot an arrow.
The arrow hits the river rat but does no damage.
The river rat bites you!
* * * LOW HITPOINT WARNING * * *
The river rat closely misses you.
Shoot: a) +1 shortbow {bow}
Press: ? - help, Q - select action, (/) - cycle Shift-Dir - straight line, f/p - river rat
Aim: a river rat (63% to hit)
You shoot an arrow. The arrow barely misses the river rat.
The river rat misses you. The river rat bites you.
* * * LOW HITPOINT WARNING * * *
Shoot: a) +1 shortbow {bow}
Press: ? - help, Q - select action, (/) - cycle Shift-Dir - straight line, f/p - river rat
Aim: a river rat (63% to hit)
You shoot an arrow. The arrow barely misses the river rat.
The river rat barely misses you. x2
Shoot: a) +1 shortbow {bow}
Press: ? - help, Q - select action, (/) - cycle Shift-Dir - straight line, f/p - river rat
Aim: a river rat (63% to hit)
You shoot an arrow. The arrow closely misses the river rat.
The river rat bites you!
You die...

Skill      XL: |  1  2  3  4 |
---------------+-------------+-----
Bows           | 5 6 7 |  7.9
Fighting       | |  2.0
Dodging        | |  2.1
Stealth        | |  1.0

Action                   |  1- 3 |  4- 6 || total
-------------------------+-------+-------++-------
 Fire: Shortbow          |    73 |   175 ||   248
Armor: Leather armour    |     2 |     8 ||    10
Dodge: Dodged            |    13 |    37 ||    50

Levels and vault maps discovered:
D:1:      onia_arrival_zoo_common, layout_basic
D:2:      layout_basic, shapermc_ecumenical_altar_notcrosses
D:3:      layout_basic
D:4:      layout_rooms, gup_sewer_entry_bubbles
Sewer:    sewer_fruit_machine

Notes
Turn   | Place    | Note
-------+----------+-------------------------------------------
     0 | D:1      | zeratav the Tengu Hunter began the quest for the Orb.
     0 | D:1      | Reached XP level 1. HP: 12/12 MP: 2/2
     0 | D:1      | magus.rc [v1.9.6]
     6 | D:1      | Noticed a swamp drake
     6 | D:1      | Noticed a swamp worm
     6 | D:1      | Noticed a black mamba
     7 | D:1      | Noticed a komodo dragon
     7 | D:1      | Noticed a black bear
   228 | D:1      | Reached XP level 2. HP: 17/17 MP: 3/3
   239 | D:1      | Reached skill level 5 in Bows
   434 | D:1      | Reached XP level 3. HP: 21/21 MP: 4/4
   804 | D:2      | Reached skill level 6 in Bows
   804 | D:2      | Reached XP level 4. HP: 26/26 MP: 5/5
  1088 | D:2      | Reached skill level 7 in Bows
  1088 | D:2      | Gained mutation: Your magical nature lets you fly swiftly
                  | and evasively. [Tengu growth]
  1088 | D:2      | Reached XP level 5. HP: 30/30 MP: 6/6
  1215 | D:2      | Found a faded altar of an unknown god.
  1911 | D:3      | You pick up a book of Necromancy and begin reading...
  1911 | D:3      | You add the spells Pain, Animate Skeleton and Vampiric
                  | Draining to your library.
  2345 | D:4      | Found a glowing drain.
  2352 | Sewer    | Entered a sewer
  2549 | Sewer    | Reached XP level 6. HP: 35/35 MP: 7/7
  2864 | Sewer    | HP: 7/35 [river rat (5)]
  2866 | Sewer    | Slain by a river rat

Vanquished Creatures
  An orc priest (D:2)
  4 gnolls (D:2)
  5 adders
  2 river rats
  3 dart slugs (D:1)
  3 worms
  8 orcs
  12 bats
  7 endoplasms
  4 giant cockroaches
  3 goblins
  3 hobgoblins
  4 jackals
  4 kobolds
  9 quokkas
  10 ball pythons
  5 frilled lizards
  14 rats
101 creatures vanquished.

Table legend:
 A = Non-vault XP
 B = Vault XP
 C = Vault XP percentage of total XP
 D = Non-vault monster count
 E = Vault monster count
 F = Vault count percentage of total count
                 A         B        C        D         E       F
            +---------+---------+-------+---------+---------+-------
      Total |     248 |     113 |  31.3 |      69 |      32 |  31.7
            +---------+---------+-------+---------+---------+-------
        D:1 |      51 |       0 |   0.0 |      26 |       0 |   0.0
        D:2 |     162 |       0 |   0.0 |      29 |       0 |   0.0
        D:3 |      33 |       0 |   0.0 |      13 |       0 |   0.0
        D:4 |       2 |      27 |  93.1 |       1 |       8 |  88.9
      Sewer |       0 |      86 | 100.0 |       0 |      24 | 100.0
            +---------+---------+-------+---------+---------+-------

Illustrated notes

Table legend:
 A = Kills in this place as a percentage of kills in entire the game.
 B = Kills by you in this place as a percentage of kills by you in the entire game.
 C = Kills by friends in this place as a percentage of kills by friends in the entire game.
 D = Other kills in this place as a percentage of other kills in the entire game.
 E = Experience gained in this place as a percentage of experience gained in the entire game.
 F = Experience gained in this place divided by the number of levels of this place that you have seen.
                   A       B       C       D       E      F
               +-------+-------+-------+-------+-------+----------------------
         Total | 100.0 | 100.0 |   N/A |   N/A | 100.0 |  72.2
       Dungeon |  76.2 |  76.2 |   N/A |   N/A |  76.2 |  68.8
         Sewer |  23.8 |  23.8 |   N/A |   N/A |  23.8 |  86.0
               +-------+-------+-------+-------+-------+----------------------

Table legend: (Time is in decaauts)
 A = Elapsed time spent in this place.
 B = Non-inter-level travel time spent in this place.
 C = Inter-level travel time spent in this place.
 D = Time resting spent in this place.
 E = Time spent auto-exploring this place.
 F = Levels seen in this place.
 G = Mean time per level.
                   A        B        C        D        E       F      G
               +--------+--------+--------+--------+--------+-----+--------+
         Total |   2770 |   2718 |     52 |     91 |   2090 |   5 |  554.0 |
       Dungeon |   2280 |   2228 |     52 |      0 |   1838 |   4 |  570.0 |
         Sewer |    490 |    490 |      0 |     91 |    252 |   1 |  490.0 |
               +--------+--------+--------+--------+--------+-----+--------+

Top non-repeatable levels by time:
     D:2: 748 daAuts
     D:1: 745 daAuts
     D:3: 692 daAuts
   Sewer: 490 daAuts
     D:4: 93 daAuts
